 Dungeon Crawl Stone Soup version 0.24-a0-429-g4608c8fa30 (webtiles) character file.

Game seed: 16093093099719644560

361 forlorn the Ruffian (level 6, 0/53 HPs)
             Began as a Troll Wizard on June 13, 2019.
             Slain by an orc
             ... wielding a cursed -3 trident
              (3 damage)
             ... on level 4 of the Dungeon.
             The game lasted 00:05:32 (2726 turns).

forlorn the Ruffian (Troll Wizard)                  Turns: 2726, Time: 00:05:33

Health: 0/53       AC:  6    Str: 16    XL:     6   Next: 38%
Magic:  9/9        EV:  9    Int: 16    God:
Gold:   154        SH:  0    Dex:  8    Spells: 4/10 levels left

rFire    . . .     SeeInvis .   i - +3 dagger (venom)
rCold    . . .     Gourm    +   (no shield)
rNeg     . . .     Faith    .   a - +0 robe
rPois    .         Spirit   .   b - +0 hat
rElec    .         Reflect  .   (no cloak)
rCorr    .         Harm     .   (gloves unavailable)
MR       .....                  (boots unavailable)
Stlth    +.........             (no amulet)
HPRegen  0.57/turn              (no ring)
MPRegen  0.11/turn              (no ring)

@: no status effects
A: large, unfitting armour, claws 3, fast metabolism 3, gourmand, regeneration
1, shaggy fur 1, tough skin 3
a: no special abilities


You were on level 4 of the Dungeon.
You were not hungry.

You visited 1 branch of the dungeon, and saw 4 of its levels.

You collected 154 gold pieces.

Inventory:

Hand Weapons
 i - a +3 dagger of venom (weapon)
Missiles
 f - 3 boomerangs (quivered)
 m - 4 javelins
 q - 27 poisoned darts
Armour
 a - a +0 robe (worn)
 b - a +0 hat (worn)
Scrolls
 g - a scroll of enchant weapon {unknown}
 l - a scroll of noise {unknown}
 n - a scroll of random uselessness {unknown}
 o - a scroll of magic mapping {unknown}
 p - 2 scrolls of teleportation {unknown}
 r - a scroll of immolation {unknown}
Potions
 c - 2 potions of ambrosia {unknown}
 e - a potion of heal wounds
 h - a potion of degeneration {unknown}
 j - 2 potions of curing {unknown}
 k - a potion of invisibility {unknown}
Comestibles
 d - 7 rations


   Skills:
 - Level 1.5 Dodging
 - Level 1.0 Stealth
 * Level 4.2 Unarmed Combat
 + Level 2.8 Spellcasting
 * Level 1.3 Conjurations
   Level 0.6 Summonings
 * Level 1.7 Translocations
 * Level 1.1 Fire Magic


You had 4 spell levels left.
You knew the following spells:

 Your Spells              Type           Power        Failure   Level  Hunger
a - Magic Dart            Conj           #...         11%         1    #......
b - Blink                 Tloc           N/A          14%         2    ##.....
c - Conjure Flame         Conj/Fire      #.......     34%         3    ###....

Your spell library contained the following spells:

 Spells                   Type           Power        Failure   Level  Hunger
 Call Imp                 Summ           #.......     22%         2    ##.....
 Slow                     Hex            #.......     28%         2    ##.....
 Mephitic Cloud           Conj/Pois/Air  #.......     43%         3    ###....


Dungeon Overview and Level Annotations

Branches:
Dungeon (4/15)
 Temple: D:4-7

Altars:
Ashenzari
Dithmenos
Fedhas
Nemelex Xobeh
Qazlal


Innate Abilities, Weirdness & Mutations

You are too large for most types of armour.
You have claws for hands.
Your metabolism is lightning-fast.
You like to eat raw meat.
Your natural rate of healing is unusually fast.
You are covered in fur. (AC +1)
You have extremely tough skin. (AC +3)


Message History

The orc priest hits you but does no damage.
The orc closely misses you.
You hit the orc priest.
The orc priest is poisoned.
The orc priest is heavily wounded.
You kill the orc priest!
The orc hits you but does no damage. The orc hits you.
* * * LOW HITPOINT WARNING * * *
The orc priest hits you with a +0 dagger.
* * * LOW HITPOINT WARNING * * *
The orc hits you from afar with a cursed -3 trident.
* * * LOW HITPOINT WARNING * * *
You closely miss the orc priest.
The orc priest is heavily wounded.
The orc hits you with a +2 mace of protection.
* * * LOW HITPOINT WARNING * * *
The orc closely misses you.
The orc priest hits you with a +0 dagger.
* * * LOW HITPOINT WARNING * * *
The orc hits you from afar with a cursed -3 trident.
You die...

..............
...##..#......... ..#
...#............##..# .
#.#.).##........ ..# ..
##..[..#....$...##..#...
.###....................
.#.#...##....#..........
...........###$.ooo.....
.#..##.....##?..@).....$
.<...............o.#..#.
##.............##.....#
#............## ....##
##........)..## #####
#..##.#.....##
...##.#.....#
......#.....##
##<........#


You could see an orc priest and 3 orcs.

Vanquished Creatures
  A crimson imp (D:3)
  2 hounds
  2 orc priests
  A bullfrog skeleton (D:4)
  8 adders
  An adder skeleton (D:4)
  5 worms
  2 dart slugs
  A leopard gecko (D:2)
  11 orcs
  2 ball pythons
  4 giant cockroaches
  7 goblins
  4 hobgoblins
  4 jackals (D:3)
  2 quokkas
  7 bats
  3 frilled lizards
  8 kobolds
  11 rats
86 creatures vanquished.

Notes
Turn   | Place    | Note
-------+----------+-------------------------------------------
     0 | D:1      | forlorn the Troll Wizard began the quest for the Orb.
     0 | D:1      | Reached XP level 1. HP: 16/16 MP: 2/2
    48 | D:1      | Reached skill level 1 in Unarmed Combat
   246 | D:1      | Reached XP level 2. HP: 24/24 MP: 4/4
   286 | D:1      | Found a shattered altar of Ashenzari.
   296 | D:1      | Reached skill level 2 in Unarmed Combat
   883 | D:2      | Reached XP level 3. HP: 31/31 MP: 5/5
   887 | D:2      | Learned a level 2 spell: Blink
  1111 | D:2      | Found a blossoming altar of Fedhas.
  1204 | D:2      | Reached skill level 3 in Unarmed Combat
  1267 | D:2      | Found a sparkling altar of Nemelex Xobeh.
  1320 | D:2      | Reached skill level 1 in Translocations
  1465 | D:3      | Reached XP level 4. HP: 39/39 MP: 6/6
  1483 | D:3      | Learned a level 3 spell: Conjure Flame
  1626 | D:3      | Reached skill level 1 in Conjurations
  1626 | D:3      | Reached XP level 5. HP: 41/45 MP: 7/7
  1719 | D:3      | Found a shadowy altar of Dithmenos.
  1751 | D:3      | Found a stormy altar of Qazlal.
  2180 | D:3      | Reached XP level 6. HP: 52/53 MP: 9/9
  2398 | D:4      | Reached skill level 4 in Unarmed Combat
  2407 | D:4      | Reached skill level 1 in Fire Magic
  2726 | D:4      | Slain by an orc

Levels and vault maps discovered:
D:1:      zelgadis_glass_arrival_small, layout_basic, ashenzari_altar_1
D:2:      layout_loops_ring, old_standard_altar, fedhas_altar_3
D:3:      layout_basic, nicolae_overflow_hidden_temple, minivault_14
D:4:      layout_cave_pools, serial_shops, shop, first_ration,
          ebering_ghost_rock_garden

Skill      XL: |  1  2  3  4  5  6 |
---------------+-------------------+-----
Unarmed Combat | 1 2 3 4 |  4.2
Translocations | 1 |  1.7
Conjurations   | 1 |  1.3
Fire Magic     | 1 |  1.1
Dodging        | |  1.5
Stealth        | |  1.0
Spellcasting   | |  2.8
Summonings     | |  0.6

Action                   |  1- 3 |  4- 6 || total
-------------------------+-------+-------++-------
Melee: Unarmed           |    52 |       ||    52
       Dagger            |    47 |   180 ||   227
       Punch             |       |     2 ||     2
  Use: Potion            |     1 |       ||     1
       Scroll            |     1 |     1 ||     2
 Stab: Sleeping          |     3 |       ||     3
  Eat: Chunk             |    13 |    13 ||    26
Armor: Robe              |    31 |    78 ||   109
Dodge: Dodged            |    39 |   100 ||   139

Table legend:
 A = Non-vault XP
 B = Vault XP
 C = Vault XP percentage of total XP
 D = Non-vault monster count
 E = Vault monster count
 F = Vault count percentage of total count
                 A         B        C        D         E       F
            +---------+---------+-------+---------+---------+-------
      Total |     516 |       0 |   0.0 |      86 |       0 |   0.0
            +---------+---------+-------+---------+---------+-------
        D:1 |      39 |       0 |   0.0 |      24 |       0 |   0.0
        D:2 |      44 |       0 |   0.0 |      15 |       0 |   0.0
        D:3 |     299 |       0 |   0.0 |      40 |       0 |   0.0
        D:4 |     134 |       0 |   0.0 |       7 |       0 |   0.0
            +---------+---------+-------+---------+---------+-------
